 Dungeon Crawl Stone Soup version 0.18.1-48-g4cf74bf (webtiles) character file.

14975 Gargoyl the Protected (level 11, -10/86 HPs)
             Began as a Demonspawn Abyssal Knight on Aug 30, 2016.
             Was the Champion of Lugonu.
             Hit by a large rock thrown by a stone giant (12 damage)
             ... on level 2 of the Orcish Mines.
             The game lasted 00:24:51 (12288 turns).

Gargoyl the Protected (Demonspawn Abyssal Knight)  Turns: 12288, Time: 00:24:51

Health: -10/86     AC: 23    Str: 18    XL:     11   Next: 95%
Magic:  13/13      EV:  8    Int: 14    God:    Lugonu [******]
Gold:   980        SH:  6    Dex: 12    Spells: 0 memorised, 10 levels left

rFire  + . .     SeeInvis .     u - +2 long sword (elec)
rCold  . . .     Gourm    .     C - +0 plate armour
rNeg   . . .     Faith    .     r - +1 buckler
rPois  .         Spirit   .     t - +0 helmet
rElec  .         Dismiss  .     A - +0 cloak
rCorr  .         Reflect  .     k - +0 pair of gloves
SustAt .         Harm     .     (no boots)
MR     .....                    (no amulet)
Stlth  ..........               (no ring)
                                (no ring)

@: not resistant to hostile enchantments, extremely unstealthy
A: hooves 2, yellow scales 2, blurry vision 1, fire resistance 1, spiny 2,
strong 1
a: Depart the Abyss, Bend Space, Banish, Corrupt, Enter the Abyss, Brand Weapon
With Distortion, Renounce Religion


You were on level 2 of the Orcish Mines.
You worshipped Lugonu.
Lugonu was exalted by your worship.
You were not hungry.

You visited 2 branches of the dungeon, and saw 12 of its levels.
You visited the Abyss 1 time.

You collected 980 gold pieces.

Inventory:

Hand Weapons
 j - a +0 war axe
 u - a +2 long sword of electrocution (weapon)
Missiles
 B - 17 tomahawks
 H - 6 javelins (quivered)
Armour
 k - a +0 pair of gloves (worn)
 r - a +1 buckler (worn)
 t - a +0 helmet (worn)
 A - a +0 cloak (worn)
 C - a +0 plate armour (worn)
Jewellery
 b - an uncursed ring of fire
Wands
 n - a wand of lightning (11/15)
 s - a wand of digging (13/24)
 x - a wand of teleportation (4/9)
 D - a wand of lightning (10/15)
 F - a wand of flame (13/48)
 G - a wand of disintegration (7/24)
 I - a wand of flame (19/48)
Scrolls
 d - 2 scrolls of magic mapping
 l - a scroll of amnesia
 w - 5 scrolls of remove curse
 E - a scroll of fear
Potions
 a - 3 potions of curing
 e - 2 potions of degeneration
 h - a potion of cure mutation
 i - 3 potions of flight
 m - a potion of might
 p - a potion of ambrosia
 z - a potion of agility
Books
 g - a book of Cantrips

   Spells                             Type                      Level
   a - Corona                         Hexes                        1
   b - Animate Skeleton               Necromancy                   1
   c - Summon Small Mammal            Summoning                    1
   d - Apportation                    Translocation                1
 y - a book of Summonings

   Spells                             Type                      Level
   a - Recall                         Summoning/Translocation      3
   b - Aura of Abjuration             Summoning                    5
   c - Summon Demon                   Summoning                    5
   d - Summon Forest                  Summoning/Translocation      5
   e - Summon Mana Viper              Hexes/Summoning              5
   f - Shadow Creatures               Summoning                    6
 J - a book of Alchemy

   Spells                             Type                      Level
   a - Sublimation of Blood           Necromancy                   2
   b - Ignite Poison                  Fire/Transmutation/Poison    3
   c - Petrify                        Transmutation/Earth          4
   d - Alistair's Intoxication        Transmutation/Poison         5
   e - Irradiate                      Conjuration/Transmutation    5
 L - a book of the Tempests

   Spells                             Type                      Level
   a - Static Discharge               Conjuration/Air              3
   b - Lightning Bolt                 Conjuration/Air              5
   c - Fireball                       Conjuration/Fire             5
   d - Tornado                        Air                          9
   e - Shatter                        Earth                        9
Comestibles
 c - 4 bread rations
 f - 7 meat rations
 o - 3 beef jerkies
 q - 3 slices of pizza
 v - 4 chunks of flesh


   Skills:
 + Level 8.3 Fighting
 + Level 3.2 Long Blades
 + Level 6.8 Axes
 + Level 1.1 Throwing
 * Level 12.1 Armour
 + Level 4.7 Dodging
 + Level 3.3 Stealth
 + Level 5.2 Shields
 + Level 3.7 Invocations


You had 10 spell levels left.
You didn't know any spells.

Dungeon Overview and Level Annotations

Branches:
Dungeon (10/15)            Temple (0/1) D:5             Orc (2/2) D:10
   Lair: D:8-11         Elf: Orc:2

Altars:
Cheibriados
Fedhas
Gozag
Okawaru
Qazlal
Trog
Vehumet
Xom
Yredelemnul
The Shining One
Beogh

Shops:
Orc:1 (

Annotations:
Abyss:1 Maud


Innate Abilities, Weirdness & Mutations

You have hoof-like feet.
You are mostly covered in yellow scales (AC +3).
You are mostly covered in sharp spines.
Scrolls take you a little longer to read.
Your flesh is heat resistant.
Your muscles are strong. (Str +2)


Message History

The stone giant hits you!
* * * LOW HITPOINT WARNING * * *
The orc hits you but does no damage.
Unknown command.
You hit the stone giant.
You kick the stone giant, but do no damage.
The stone giant is severely wounded.
The stone giant is struck by your spines.
The stone giant hits you but does no damage.
The orc hits you but does no damage.
Unknown command.
You hit the stone giant but do no damage.
You kick the stone giant, but do no damage.
The stone giant is severely wounded.
The stone giant is struck by your spines.
The stone giant hits you!!
* * * LOW HITPOINT WARNING * * *
You block the orc's attack.
The stone giant throws a large rock.
The large rock hits you!
You die...

#............# #....
#.........#.## #....
#........#### ##.#.
##########.......## ###.
..............#...# ##..
...............#.## #...
................#.### #####..
.........o))...#.)).###.###..
..........C.@....[.#.....#.^.
..........#.......##.........
.........#......#####........
........###.....# #........
......... ##....'. ##...#...
....#.#.# ###..##$ ##.......
....##### ##..# ##........
##. ..####........ #
#..........


You could see a stone giant and an orc.

Vanquished Creatures
  An ogre mage (Orc:2)
  An unseen horror (D:10)
  Pikel (D:9)
  4 hill giants (D:10)
  A cyclops (Orc:2)
  Maurice (Orc:1)
  A gargoyle (D:10)
  3 trolls
  Grinder (D:4)
  2 two-headed ogres
  A wyvern (D:8)
  7 yaks
  2 hippogriffs
  2 hungry ghosts (D:10)
  4 slaves (D:9)
  4 ice beasts
  11 orc warriors
  An eye of draining (Abyss:1)
  A phantom (D:7)
  A sky beast (D:9)
  9 ogres
  3 centaurs
  A big kobold (D:8)
  2 giant frogs (D:8)
  2 gnoll sergeants (D:6)
  A wyvern zombie (D:8)
  A scorpion (D:8)
  17 killer bees
  2 centaur zombies
  5 howler monkeys
  3 crimson imps
  4 hounds
  3 jellies
  2 quasits
  A giant frog zombie (D:7)
  19 orc priests
  21 orc wizards
  3 centaur skeletons
  Jessica (D:3)
  3 iguanas
  11 worker ants
  A hound skeleton (D:4)
  A hound zombie (D:8)
  A worker ant zombie (D:6)
  Robin (D:4)
  8 gnolls (D:6)
  8 adders
  5 shadow imps
  An ooze (D:3)
  An adder zombie (D:8)
  2 adder skeletons
  3 dart slugs
  4 giant geckos
  51 orcs
  4 giant cockroaches
  16 goblins
  8 hobgoblins
  4 jackals (D:8)
  15 kobolds
  3 quokkas
  11 bats
  4 giant newts
  A jackal skeleton (D:9)
  A jackal zombie (D:8)
  A quokka skeleton (D:9)
  10 rats
329 creatures vanquished.

Notes
Turn   | Place    | Note
--------------------------------------------------------------
     0 | Abyss:1  | Gargoyl the Demonspawn Abyssal Knight began the quest for the Orb.
     0 | Abyss:1  | Reached XP level 1. HP: 18/18 MP: 2/2
    30 | Abyss:1  | Found an ancient bone altar of Kikubaaqudgha.
    71 | Abyss:1  | Noticed an eye of draining
    94 | Abyss:1  | Killed an eye of draining
    94 | Abyss:1  | Reached skill level 2 in Armour
    94 | Abyss:1  | Reached skill level 1 in Dodging
    94 | Abyss:1  | Gained mutation: You are partially covered in yellow scales (AC +2). [demonic ancestry]
    94 | Abyss:1  | Reached XP level 2. HP: 25/25 MP: 1/4
    94 | Abyss:1  | Gained mutation: You are partially covered in sharp spines. [demonic ancestry]
    94 | Abyss:1  | Reached XP level 3. HP: 30/30 MP: 1/5
    94 | Abyss:1  | Reached XP level 4. HP: 37/37 MP: 1/6
   130 | Abyss:1  | Noticed an apocalypse crab
   132 | D:1      | Escaped the Abyss
   182 | D:1      | Reached * piety under Lugonu
   661 | D:2      | Found a basalt altar of Yredelemnul.
   692 | D:2      | Reached XP level 5. HP: 42/42 MP: 7/7
   744 | D:2      | Found an opulent altar of Gozag.
   847 | D:2      | Reached skill level 3 in Armour
   852 | D:2      | Reached ** piety under Lugonu
  1147 | D:2      | Found a radiant altar of Vehumet.
  1305 | D:3      | Noticed Jessica
  1310 | D:3      | Killed Jessica
  1432 | D:3      | Found a faded altar to an unknown god.
  1846 | D:3      | Reached XP level 6. HP: 47/48 MP: 8/8
  2149 | D:4      | Noticed Grinder
  2156 | D:4      | Paralysed by Grinder for 2 turns
  2161 | D:4      | Killed Grinder
  2161 | D:4      | Reached skill level 4 in Armour
  2161 | D:4      | Reached skill level 1 in Stealth
  2161 | D:4      | Gained mutation: You are mostly covered in sharp spines. [demonic ancestry]
  2161 | D:4      | Reached XP level 7. HP: 35/55 MP: 9/9
  2256 | D:4      | Noticed Robin
  2257 | D:4      | Reached *** piety under Lugonu
  2258 | D:4      | Killed Robin
  2614 | D:4      | Reached skill level 5 in Armour
  2781 | D:5      | Entered Level 5 of the Dungeon
  2812 | D:5      | Found a glowing golden altar of the Shining One.
  2843 | D:5      | Reached skill level 1 in Shields
  3012 | D:5      | Found a staircase to the Ecumenical Temple.
  3314 | D:5      | Found a blossoming altar of Fedhas.
  3694 | D:6      | Gained mutation: You have large cloven feet. [demonic ancestry]
  3694 | D:6      | Reached XP level 8. HP: 45/61 MP: 10/10
  3977 | D:6      | Reached skill level 6 in Armour
  4318 | D:6      | Reached skill level 5 in Fighting
  4404 | D:6      | Found a stormy altar of Qazlal.
  4530 | D:6      | Reached **** piety under Lugonu
  4534 | D:6      | Reached skill level 7 in Armour
  5131 | D:7      | Gained mutation: You are mostly covered in yellow scales (AC +3). [demonic ancestry]
  5131 | D:7      | Reached XP level 9. HP: 52/68 MP: 11/11
  5450 | D:7      | Reached skill level 8 in Armour
  5574 | D:8      | Found a snail-covered altar of Cheibriados.
  5908 | D:8      | Reached ***** piety under Lugonu
  5919 | D:8      | Reached skill level 5 in Axes
  5929 | D:8      | Found a bloodstained altar of Trog.
  6220 | D:8      | Reached skill level 9 in Armour
  6362 | D:8      | Reached XP level 10. HP: 40/77 MP: 12/12
  6896 | D:9      | Gained mutation: Your system is resistant to poisons. [mutagenic meat]
  6897 | D:9      | Gained mutation: You are somewhat resistant to further mutation. [mutagenic meat]
  6898 | D:9      | Gained mutation: Your spells are a little easier to cast, but a little less powerful. [mutagenic meat]
  6899 | D:9      | Gained mutation: Your mind is acute. (Int +2) [mutagenic meat]
  7110 | D:9      | Found an iron altar of Okawaru.
  7207 | D:9      | Lost mutation: You are somewhat resistant to further mutation. [potion of cure mutation]
  7207 | D:9      | Lost mutation: Your mind is acute. (Int +2) [potion of cure mutation]
  7207 | D:9      | Lost mutation: Your spells are a little easier to cast, but a little less powerful. [potion of cure mutation]
  7207 | D:9      | Lost mutation: Your system is resistant to poisons. [potion of cure mutation]
  7211 | D:9      | Gained mutation: Your muscles are strong. (Str +2) [potion of mutation]
  7211 | D:9      | Gained mutation: Scrolls take you a little longer to read. [potion of mutation]
  7211 | D:9      | Gained mutation: Your flesh is heat resistant. [potion of mutation]
  7249 | D:9      | Noticed Pikel
  7277 | D:9      | Killed Pikel
  7689 | D:10     | Entered Level 10 of the Dungeon
  7691 | D:10     | Noticed a hill giant
  7694 | D:10     | Noticed a hill giant
  7696 | D:10     | Killed a hill giant
  7696 | D:10     | Reached skill level 10 in Armour
  7706 | D:10     | Killed a hill giant
  7721 | D:10     | Noticed a hill giant
  7729 | D:10     | Killed a hill giant
  8072 | D:10     | Reached skill level 1 in Long Blades
  8072 | D:10     | Gained mutation: You have hoof-like feet. [demonic ancestry]
  8072 | D:10     | Reached XP level 11. HP: 56/84 MP: 13/13
  8308 | D:10     | Found a shimmering altar of Xom.
  8449 | D:10     | Found a staircase to the Orcish Mines.
  8552 | D:10     | Noticed a hill giant
  8910 | D:10     | Noticed a hill giant
  8918 | D:10     | Killed a hill giant
  8963 | D:10     | Reached skill level 11 in Armour
  9108 | D:10     | Killed an unseen horror
  9108 | D:10     | Reached ****** piety under Lugonu
  9382 | Orc:1    | Entered Level 1 of the Orcish Mines
  9655 | Orc:2    | Entered Level 2 of the Orcish Mines
  9778 | Orc:2    | Reached skill level 1 in Throwing
  9778 | Orc:2    | Reached skill level 5 in Shields
 10067 | Orc:2    | Noticed Maud
 10079 | Orc:2    | Found a roughly hewn altar of Beogh.
 10084 | Orc:2    | Noticed an ogre mage
 10402 | Orc:1    | Found a roughly hewn altar of Beogh.
 10557 | Orc:1    | Found Vearghi's Weapon Shop.
 10917 | Orc:1    | Noticed Maurice
 10925 | Orc:1    | Killed Maurice
 11464 | Orc:1    | Banished Maud
 11999 | Orc:2    | Killed an ogre mage
 11999 | Orc:2    | Reached skill level 12 in Armour
 12275 | Orc:2    | Noticed a stone giant
 12287 | Orc:2    | HP: 2/86 [stone giant (23)]
 12288 | Orc:2    | Hit by a large rock thrown by a stone giant

Skill      XL: |  1  2  3  4  5  6  7  8  9 10 11 |
---------------+----------------------------------+-----
Fighting       | 4 5 6 7 8 |  8.3
Axes           | 2 3 4 5 6 |  6.8
Armour         | 2 3 4 5 7 9 10 12 | 12.1
Dodging        | 1 2 3 4 |  4.7
Invocations    | 3 |  3.7
Stealth        | 1 2 3 |  3.3
Shields        | 1 2 3 4 5 |  5.2
Long Blades    | 1 3 |  3.2
Throwing       | 1 |  1.1

Action                   |  1- 3 |  4- 6 |  7- 9 | 10-12 || total
-------------------------+-------+-------+-------+-------++-------
Melee: Hand axe          |    20 |    66 |       |       ||    86
       War axe           |       |    25 |   227 |    66 ||   318
       Kick              |       |       |    40 |    99 ||   139
       Long sword        |       |       |       |   261 ||   261
Throw: Javelin           |       |       |       |     4 ||     4
Invok: Depart the Abyss  |       |     1 |       |       ||     1
       Banish            |       |       |       |     2 ||     2
  Use: Scroll            |       |     5 |     8 |     4 ||    17
       Potion            |       |       |     2 |     8 ||    10
 Stab: Invisible         |       |       |       |     4 ||     4
  Eat: Chunk             |       |     4 |    12 |    22 ||    38
       Royal jelly       |       |       |     1 |       ||     1
       Bread ration      |       |       |       |     1 ||     1
       Beef jerky        |       |       |       |     1 ||     1
Armor: Ring mail         |       |    22 |       |       ||    22
       Chain mail        |       |    20 |    40 |       ||    60
       Plate armour      |       |       |   172 |   278 ||   450
Dodge: Dodged            |       |    45 |    85 |   140 ||   270
Block: Buckler           |       |     9 |    84 |   118 ||   211
